Unix NetHack Version 5.0.0-0 post-release - last build Jun 10 2026 00:39:30 (3ee93aec679c4c4259841fe613dc97188e26a321,branch:main).

Game began 2026-07-02 21:56:49, ended 2026-07-02 22:13:01.

ARFwashere, neutral male human Archeologist

                                                                   -----------
                                                                   |.........|
                                                                   |...<.....|
                                                                   |.........|
                                                                   -----.-----
                                                                       ##
                                                      -------          #
                                                      |.....|          #
                                                      |@....|        ###
                                                      |d._..-##  ----.------
                                                      ------- ###..........|
                                                                 |.........|
                                                                 |..._.....|
                                                                 |.........|
                                                                 ..........|
                                                                 -----------

ARFwashere the Field Worker  St:13 Dx:10 Co:13 In:11 Wi:18 Ch:12  Neutral
Dlvl:4  $:52 HP:0(22) Pw:17(17) AC:9  Xp:3 T:1969 

Latest messages:
 In what direction? h
 This door is already open.
 The werejackal bites!
 The werejackal bites!
 You feel feverish.
 The werejackal bites!
 You hit the werejackal!
 The werejackal bites!
 You hit the werejackal.
 The werejackal bites!
 You hit the werejackal.
 The werejackal bites!
 You hit the werejackal.
 The werejackal bites!
 What do you want to throw? [$ao or ?*] o
 In what direction? u
 The silver dagger misses the werejackal.
 The werejackal bites!
 What do you want to use or apply? [ae-l or ?*] l
 In what direction? u
 The werejackal is blinded by the flash!
 The werejackal turns to flee.
 o - an uncursed silver dagger (at the ready).
 What do you want to throw? [$ao or ?*] o
 In what direction? .
 You cannot throw an object at yourself.
 What do you want to throw? [$ao or ?*] o
 In what direction? h
 The silver dagger misses the werejackal.
 o - an uncursed silver dagger (at the ready).
 What do you want to throw? [$ao or ?*] o
 In what direction? j
 The silver dagger misses the werejackal.
 o - an uncursed silver dagger (at the ready).
 What do you want to throw? [$ao or ?*] o
 In what direction? y
 The silver dagger misses the werejackal.
 o - an uncursed silver dagger (at the ready).
 What do you want to throw? [$ao or ?*] o
 In what direction? h
 The silver dagger hits the werejackal.
 Your silver dagger sears the werejackal's flesh!
 o - an uncursed silver dagger (at the ready).
 The werejackal bites!
 You die...
 Do you want your possessions identified? [ynq] (y) y
 Do you want to see your attributes? [ynq] (y) y
 Do you want an account of creatures vanquished? [ynaq] (y) y
 Do you want to see your conduct and achievements? [ynq] (y) y
 Do you want to see the dungeon overview? [ynq] (y) y

Inventory:
 Coins    ('$')
  $ - 52 gold pieces
 Amulets  ('"')
  u - an uncursed amulet of ESP
 Weapons  (')')
  o - a +0 silver dagger (at the ready)
  a - a +2 bullwhip (alternate weapon; not wielded)
 Armor    ('[')
  c - a blessed +0 fedora (being worn)
  b - a blessed +0 leather jacket (being worn)
 Comestibles  ('%')
  d - 5 uncursed food rations
 Scrolls  ('?')
  n - a blessed scroll of confuse monster
  q - an uncursed scroll of teleportation
 Spellbooks  ('+')
  k - an uncursed spellbook of detect treasure
 Potions  ('!')
  t - an uncursed potion of blindness
  m - an uncursed potion of sickness
 Wands    ('/')
  j - a wand of digging (0:7)
 Tools    ('(')
  h - an empty uncursed sack
  l - a cursed expensive camera (0:49)
  i - an uncursed oil lamp
  e - a +0 pick-axe (weapon in right hand)
  f - a tinning kit (0:45)
 Gems/Stones  ('*')
  r - a cursed fluorite stone
  g - an uncursed touchstone

ARFwashere the Archeologist's attributes:

Background:
 You were a Field Worker, a level 3 male human Archeologist.
 You were neutral, on a mission for Camaxtli
 who was opposed by Quetzalcoatl (lawful) and Huhetotl (chaotic).
 You were right-handed.
 You were in the Dungeons of Doom, on level 4.
 You entered the dungeon 1969 turns ago.
 It was nighttime.
 There was a full moon in effect when your adventure ended.
 You had 78 experience points, 2 more were needed to attain level 4.

Basics:
 You had 0 out of 22 hit points.
 You had all 17 energy points (spell power).
 Your armor class was 9.
 Your wallet contained 52 zorkmids.
 Autopickup was on for '$' plus thrown.

Final Characteristics:
 Your strength was 13 (limit:18/100).
 Your dexterity was 10 (limit:18).
 Your constitution was 13 (limit:18).
 Your intelligence was 11 (limit:18).
 Your wisdom was 18 (limit:18).
 Your charisma was 12 (limit:18).

Final Status:
 You weren't hungry.
 You were unencumbered.
 You were wielding a pick-axe.
 You had basic skill with pick-axe.

Final Attributes:
 You were devoutly aligned.
 You were level-drain resistant.
 You had automatic searching.
 You were a werejackal.
 You were harmed by silver.
 You were lucky.
 You are dead.

Miscellaneous:
 You didn't encounter any bones levels.
 Total elapsed playing time was 16 minutes and 11 seconds.

Major events:
 Turn
    1: ARFwashere the neutral male human Archeologist entered the dungeon
 1405: attained the rank of Field Worker (level 3)
 1969: killed by a werejackal

You didn't know any spells.

Skills:
 Fighting Skills
   bare handed combat [Unskilled]
   two weapon combat  [Unskilled]
   riding             [Unskilled]
 Weapon Skills
   dagger             [Unskilled]
   knife              [Unskilled]
   pick-axe           [Basic]
   short sword        [Unskilled]
   saber              [Unskilled]
   club               [Unskilled]
   quarterstaff       [Unskilled]
   sling              [Unskilled]
   dart               [Unskilled]
   boomerang          [Unskilled]
   whip               [Basic]
   unicorn horn       [Unskilled]
 Spellcasting Skills
   attack spells      [Unskilled]
   healing spells     [Unskilled]
   divination spells  [Unskilled]
   matter spells      [Unskilled]

Voluntary challenges:
 Character rerolling was not enabled.
 You never genocided any monsters.
 You never polymorphed an object.
 You never changed form.
 You used no wishes.
Achievement:
 You attained the rank of Field Worker.

 The Dungeons of Doom: levels 1 to 4
    Level 1:
    Level 2:
       Some fountains.
    Level 3:
    Level 4: <- You were here.
       Some altars.
       Final resting place for
          you, killed by a werejackal.


Vanquished creatures:
  a kitten
  a kobold leader
 an orc zombie
  a dwarf zombie
 an acid blob
  2 gas spores
  a hobbit
  a hobgoblin
  2 giant rats
  a yellow mold
  3 jackals
  2 goblins
  a sewer rat
  3 grid bugs
  4 lichens
  2 kobold zombies
  6 newts
33 creatures vanquished.

No species were genocided or became extinct.

Game over:
                       ----------
                      /          \
                     /    REST    \
                    /      IN      \
                   /     PEACE      \
                  /                  \
                  |    ARFwashere    |
                  |      52 Au       |
                  |   killed by a    |
                  |    werejackal    |
                  |                  |
                  |                  |
                  |       2026       |
                 *|     *  *  *      | *
        _________)/\\_//(\/(/\)/\//\/|_)_______

Goodbye ARFwashere the Archeologist...

You died in The Dungeons of Doom on dungeon level 4 with 509 points,
and 52 pieces of gold, after 1969 moves.
You were level 3 with a maximum of 22 hit points when you died.

